 Dungeon Crawl Stone Soup version 0.21.1-1-g345015f (webtiles) character file.

179 Iko the Sneak (level 5, -3/39 HPs)
             Began as a Vampire Assassin on June 14, 2018.
             Slain by Blork the orc
             ... wielding a +0 dire flail
              (7 damage)
             ... on level 6 of the Dungeon.
             The game lasted 00:11:08 (780 turns).

Iko the Sneak (Vampire Assassin)                     Turns: 780, Time: 00:11:09

Health: -3/39      AC: 11    Str: 11    XL:     5   Next: 33%
Magic:  5/5        EV:  2    Int: 14    God:
Gold:   25         SH:  0    Dex: 15    Spells: 4/4 levels left

rFire    . . .     SeeInvis +   a - +0 falchion
rCold    . . .     Gourm    .   (no shield)
rNeg     . . .     Faith    .   j - +0 plate armour
rPois    .         Spirit   .   (no helmet)
rElec    .         Reflect  .   d - +0 cloak
rCorr    .         Harm     .   (no gloves)
MR       .....                  (no boots)
Stlth    ..........             (no amulet)
HPRegen  0.33/turn              (no ring)
MPRegen  0.09/turn              (no ring)

@: about to teleport, regenerating quickly
A: fangs 3, see invisible, unbreathing
a: no special abilities


You were on level 6 of the Dungeon.
You were full.

You visited 1 branch of the dungeon, and saw 6 of its levels.

You collected 25 gold pieces.

Inventory:

Hand Weapons
 a - a +0 falchion (weapon)
 e - a +0 blowgun
Missiles
 c - 10 poisoned needles
 h - 2 curare-tipped needles
Armour
 d - a +0 cloak (worn)
 j - a +0 plate armour (worn)
Scrolls
 b - a scroll of identify
 g - 2 scrolls of teleportation
Potions
 f - a potion of blood


   Skills:
 + Level 2.4 Fighting
   Level 2.5(2.7) Short Blades
 + Level 1.0(1.8) Long Blades
 + Level 2.9 Throwing
 + Level 1.2 Armour
 + Level 1.7 Dodging
 + Level 7.0 Stealth


You had 4 spell levels left.
You didn't know any spells.

Dungeon Overview and Level Annotations

Branches:
Dungeon (6/15)
 Temple: D:4-7

Altars:
Gozag

Annotations:
D:6 Blork the orc


Innate Abilities, Weirdness & Mutations

Your natural rate of healing is unusually fast.
You have razor-sharp teeth.
You have supernaturally acute eyesight. (SInv)
You can survive without breathing.


Message History

Unknown command.
You hit Blork the orc.
Blork the orc is moderately wounded.
Blork the orc hits you with a dire flail!
Blork the orc hits you with a dire flail.
As you read the scroll of teleportation, it crumbles to dust.
You feel strangely unstable.
You closely miss Blork the orc. Your bite misses Blork the orc.
Blork the orc is moderately wounded.
Blork the orc hits you with a dire flail.
* * * LOW HITPOINT WARNING * * *
Blork the orc hits you but does no damage.
You hit Blork the orc.
Blork the orc is moderately wounded.
Blork the orc hits you with a dire flail.
* * * LOW HITPOINT WARNING * * *
You barely miss Blork the orc.
Blork the orc is moderately wounded.
Blork the orc hits you with a dire flail!
You die...

#. #. #. #.
#. #. #####
#.#o#####.<.#
#...@....[..#
###.#####...#
#. ##.## #.
#.# #. #.# ..
#.# .# #.# .
.#


You could see Blork the orc.

Vanquished Creatures
  An orc wizard (D:5)
  2 orc priests (D:5)
  An iguana (D:4)
  Terence (D:2)
  An adder (D:3)
  A worm (D:3)
  2 dart slugs
  3 leopard geckos
  3 orcs
  3 giant cockroaches
  3 jackals (D:5)
  A kobold (D:3)
  A quokka (D:5)
23 creatures vanquished.

Notes
Turn   | Place    | Note
-------+----------+-------------------------------------------
     0 | D:1      | Iko the Vampire Assassin began the quest for the Orb.
     0 | D:1      | Reached XP level 1. HP: 16/16 MP: 1/1
    32 | D:1      | Reached skill level 6 in Stealth
   107 | D:2      | Found an opulent altar of Gozag.
   148 | D:2      | Noticed Terence
   184 | D:2      | Killed Terence
   184 | D:2      | Reached XP level 2. HP: 12/22 MP: 2/2
   184 | D:2      | Reached XP level 3. HP: 15/27 MP: 3/3
   302 | D:3      | Reached skill level 7 in Stealth
   432 | D:4      | HP: 1/27 [iguana (2)]
   435 | D:4      | Reached XP level 4. HP: 2/33 MP: 4/4
   484 | D:5      | Entered Level 5 of the Dungeon
   662 | D:5      | Reached skill level 1 in Armour
   681 | D:5      | Reached XP level 5. HP: 11/39 MP: 5/5
   693 | D:5      | Reached skill level 1 in Long Blades
   772 | D:6      | Noticed Blork the orc
   780 | D:6      | Slain by Blork the orc

Skill      XL: |  1  2  3  4  5 |
---------------+----------------+-----
Stealth        | 6 7 |  7.0
Fighting       | 2 |  2.4
Throwing       | 2 |  2.9
Armour         | 1 |  1.2
Long Blades    | 1 |  1.0
Short Blades   | |  2.5
Dodging        | |  1.7

Action                   |  1- 3 |  4- 6 || total
-------------------------+-------+-------++-------
Melee: Dagger            |    30 |       ||    30
       Bite              |    15 |     5 ||    20
       Falchion          |    30 |    61 ||    91
       Short sword       |    16 |       ||    16
 Fire: Blowgun           |    27 |    25 ||    52
  Use: Potion            |     8 |     2 ||    10
       Scroll            |     3 |     1 ||     4
Armor: Plate armour      |    44 |    46 ||    90
Dodge: Dodged            |     6 |     5 ||    11
       Rpst.: Falchion   |     1 |     3 ||     4
